2978 views
Uploaded 2020-04-09 13:55:45
Game version 1.32 / 1.32.1
12:28 long 1on1 ladder game on (2)Amazonia
Saved by Ouarf
2978 views
Uploaded 2020-04-09 13:55:45
Game version 1.32 / 1.32.1
12:28 long 1on1 ladder game on (2)Amazonia

/ 0.1k
14 buildings @ 1.5k
/ 0.5k


| Peasant | 13 | 975 | / | 0 |
| Footman | 11 | 1485 | / | 0 |
| Rifleman | 4 | 820 | / | 120 |
| total: | 28 | 3280g | / | 120w |
| Altar of Kings | 1 | 180 | / | 50 |
| Farm | 9 | 720 | / | 180 |
| Lumber Mill | 1 | 120 | / | 0 |
| Barracks | 1 | 160 | / | 60 |
| Blacksmith | 1 | 140 | / | 60 |
| Gryphon Aviary | 1 | 140 | / | 150 |
| Keep | 1 | 320 | / | 210 |
| Castle | 1 | 360 | / | 210 |
| total: | 14 | 1460g | / | 500w |
| 0:03 | Peasant |
| 0:03 | Peasant |
| 0:04 | Peasant |
| 0:04 | Peasant |
| 0:04 | Peasant |
| 0:04 | Peasant |
| 0:26 | Altar of Kings |
| 0:45 | Farm |
| 1:19 | Lumber Mill |
| 1:31 | Peasant |
| 1:41 | Barracks |
| 1:52 | Peasant |
| 2:12 | Farm |
| 3:12 | Farm |
| 3:21 | Keep |
| 3:24 | Footman |
| 3:24 | Footman |
| 3:24 | Footman |
| 3:25 | Footman |
| 3:25 | Footman |
| 4:05 | Blacksmith |
| 4:14 | Footman |
| 4:24 | Farm |
| 4:43 | Holy Light |
| 5:39 | Devotion Aura |
| 6:30 | Gryphon Aviary |
| 7:16 | Farm |
| 7:41 | Divine Shield |
| 8:29 | Peasant |
| 8:29 | Peasant |
| 8:29 | Peasant |
| 8:29 | Peasant |
| 8:29 | Peasant |
| 9:27 | Footman |
| 9:27 | Footman |
| 9:28 | Footman |
| 9:28 | Footman |
| 9:28 | Footman |
| 9:29 | Defend |
| 9:48 | Castle |
| 10:29 | Farm |
| 11:01 | Long Rifles |
| 11:01 | Rifleman |
| 11:01 | Rifleman |
| 11:02 | Rifleman |
| 11:03 | Rifleman |
| 11:06 | Farm |
| 11:09 | Farm |
| 11:12 | Farm |
| 11:28 | Thunder Clap |
| Right click | 191 |
| Select | 114 |
| Build/train/purchase | 43 |
| Use ability | 15 |
| Remove unit | 4 |
27 units @ 4.3k
/ 0.6k
12 buildings @ 1.9k
/ 0.7k


| Rod of Necromancy | 1 | 150 |
| Potion of Healing | 1 | 150 |
| Scroll of Healing | 1 | 250 |
| Scroll of Protection | 1 | 150 |
| total: | 4 | 700g |
| Acolyte | 6 | 450 | / | 0 |
| Ghoul | 6 | 720 | / | 0 |
| Crypt Fiend | 12 | 2580 | / | 480 |
| Obsidian Statue | 3 | 600 | / | 105 |
| total: | 27 | 4350g | / | 585w |
| Nerubian Tower | 5 | 500 | / | 100 |
| Ziggurat | 6 | 900 | / | 300 |
| Altar of Darkness | 1 | 180 | / | 50 |
| Crypt | 1 | 200 | / | 50 |
| Graveyard | 1 | 215 | / | 0 |
| Tomb of Relics | 1 | 130 | / | 30 |
| Slaughterhouse | 2 | 280 | / | 270 |
| Halls of the Dead | 1 | 320 | / | 210 |
| total: | 12 | 1905g | / | 700w |
| 0:04 | Acolyte |
| 0:04 | Acolyte |
| 0:07 | Ziggurat |
| 0:09 | Altar of Darkness |
| 0:43 | Crypt |
| 1:02 | Graveyard |
| 1:30 | Tomb of Relics |
| 1:44 | Ghoul |
| 1:44 | Ghoul |
| 1:52 | Ghoul |
| 2:08 | Unholy Aura |
| 2:38 | Rod of Necromancy |
| 2:42 | Nerubian Tower |
| 2:43 | Ziggurat |
| 2:47 | Ghoul |
| 3:12 | Ziggurat |
| 3:38 | Crypt Fiend |
| 3:40 | Crypt Fiend |
| 3:53 | Halls of the Dead |
| 4:04 | Nerubian Tower |
| 4:27 | Death Coil |
| 4:37 | Crypt Fiend |
| 4:55 | Crypt Fiend |
| 4:58 | Nerubian Tower |
| 5:23 | Crypt Fiend |
| 5:26 | Creature Attack |
| 5:57 | Unholy Aura |
| 6:15 | Potion of Healing |
| 6:44 | Acolyte |
| 6:55 | Ziggurat |
| 7:15 | Crypt Fiend |
| 7:16 | Crypt Fiend |
| 8:14 | Crypt Fiend |
| 8:21 | Acolyte |
| 8:24 | Death Coil |
| 8:45 | Crypt Fiend |
| 8:52 | Frost Nova |
| 9:12 | Slaughterhouse |
| 9:14 | Slaughterhouse |
| 9:18 | Ziggurat |
| 9:19 | Ziggurat |
| 9:22 | Acolyte |
| 9:22 | Acolyte |
| 9:53 | Scroll of Healing |
| 9:59 | Scroll of Protection |
| 10:14 | Crypt Fiend |
| 10:15 | Crypt Fiend |
| 10:19 | Improved Creature Attack |
| 10:37 | Obsidian Statue |
| 10:46 | Web |
| 10:53 | Dark Ritual |
| 11:13 | Crypt Fiend |
| 11:15 | Obsidian Statue |
| 11:22 | Nerubian Tower |
| 11:24 | Nerubian Tower |
| 12:14 | Obsidian Statue |
| 12:15 | Ghoul |
| 12:15 | Ghoul |
| 12:21 | Frost Nova |
| Right click | 878 |
| Select group | 841 |
| Select | 189 |
| Build/train/purchase | 64 |
| Assign group | 49 |
| Misc. action | 46 |
| Use ability | 22 |
| Esc | 2 |
| Item give/drop | 1 |